 Dungeon Crawl Stone Soup version 0.17.2-1-ge4368a0 (webtiles) character file.

122973 Goblin1989 the Severer (level 16, -12/149 HPs)
             Began as a Hill Orc Wanderer on Jan 2, 2017.
             Was an Initiate of Gozag.
             Mangled by Rupert
             ... wielding a +3 battleaxe of holy wrath
              (33 damage)
             ... on level 4 of the Orcish Mines.
             The game lasted 01:30:34 (27316 turns).

Goblin1989 the Severer (Hill Orc Wanderer)         Turns: 27316, Time: 01:30:34

Health: -12/149    AC: 25    Str: 24    XL:     16   Next: 89%
Magic:  16/16      EV: 12    Int: 17    God:    Gozag
Gold:   6490       SH:  0    Dex: 12    Spells: 4 memorised, 5 levels left

rFire  . . .     SeeInvis +     a - +0 battleaxe (elec)
rCold  . . .     Clarity  .     K - +0 plate armour of the Ward {rElec Int+3}
rNeg   . . .     SustAt   .     (shield currently unavailable)
rPois  +         Gourm    .     c - +0 helmet {SInv}
rElec  +         Spirit   .     i - +0 cloak
rCorr  .         Warding  .     S - +2 pair of gloves {Dex+3}
rMut   +         Stasis   .     Y - +1 pair of boots {run}
MR     ++...                    j - amulet of resist mutation
Stlth  ..........               o - ring of poison resistance {=R}
                                R - +3 ring of strength

@: drained, quick, very resistant to hostile enchantments, extremely unstealthy
A: magic resistance 1, spit poison 1
a: Spit Poison, Potion Petition, Call Merchant, Bribe Branch, Renounce Religion


You were on level 4 of the Orcish Mines.
You worshipped Gozag.
Gozag was noncommittal.
You were not hungry.

You visited 3 branches of the dungeon, and saw 24 of its levels.
You also visited: Sewer and Volcano.

You collected 9715 gold pieces.
You spent 1883 gold pieces at shops.
You paid 1342 gold pieces to Gozag.

Inventory:

Hand Weapons
 a - a +0 battleaxe of electrocution (weapon)
 b - a +1 broad axe of flaming
 w - a +0 blowgun {@w1}
 W - a +1 battleaxe of holy wrath
Missiles
 m - 16 curare-tipped needles
 J - 5 javelins of penetration (quivered)
 Z - 2 throwing nets {=f, !d}
Armour
 c - a +0 helmet of see invisible (worn)
 i - a +0 cloak (worn)
 H - the +2 pair of boots "Asuc" {*Corrode +Fly Str+2 SInv}
   (You found it on level 11 of the Dungeon)

   It affects your strength (+2).
   It lets you see invisible.
   It lets you fly.
   It may corrode your equipment when you take damage.
 K - the +0 plate armour of the Ward (worn) {rElec Int+3}
   (You bought it in a shop on level 8 of the Dungeon)

   It affects your intelligence (+3).
   It insulates you from electricity.
 S - a +2 pair of gloves of dexterity (worn)
 Y - a +1 pair of boots of running (worn)
Jewellery
 f - a ring of protection from fire
 j - an amulet of resist mutation (around neck)
 o - a ring of poison resistance (right hand) {=R}
 R - a +3 ring of strength (left hand)
 U - a ring of ice
Wands
 d - a wand of disintegration (9)
 x - a wand of draining (4)
 C - a wand of confusion (13)
Scrolls
 g - 2 scrolls of immolation {!r}
 k - 12 scrolls of remove curse {@r2}
 n - 4 scrolls of fear
 p - 2 scrolls of fog
 r - 3 scrolls of enchant weapon
 u - 2 scrolls of noise {!r}
 v - a scroll of amnesia {unknown}
 y - 4 scrolls of enchant armour
 z - a scroll of holy word
 B - a scroll of blinking
 E - a scroll of recharging {unknown}
 M - a scroll of magic mapping
 O - 4 scrolls of brand weapon
 T - 5 scrolls of teleportation {!r, @r4}
Potions
 h - a potion of agility
 l - 2 potions of cure mutation {!q}
 q - 5 potions of curing {@q1}
 s - 4 potions of ambrosia {!q}
 t - 4 potions of flight
 A - a potion of cancellation
 D - 3 potions of resistance
 F - a potion of haste {!q, @q3}
 I - a potion of invisibility
 L - a potion of heal wounds {!q, @q2}
 N - 2 potions of berserk rage {!q}
 X - 2 potions of might
Books
 Q - a book of Battle {@w0}

   Spells                             Type                      Level
   a - Infusion                       Charms                       1
   b - Shroud of Golubria             Charms/Translocation         2
   c - Song of Slaying                Charms                       2
   d - Spectral Weapon                Hexes/Charms                 3
   e - Regeneration                   Charms/Necromancy            3
Comestibles
 e - 10 bread rations {@e1}
 G - 12 meat rations {@e2}


   Skills:
 + Level 15.2(14.2) Fighting
 * Level 19.3(18.2) Axes
 + Level 14.4(13.5) Armour
 + Level 12.1(11.2) Dodging
   Level 4.0(3.2) Shields


You had 5 spell levels left.
You knew the following spells:

 Your Spells              Type           Power        Failure   Level  Hunger
h - Shroud of Golubria    Chrm/Tloc      #.........   100%        2    ###....
y - Song of Slaying       Chrm           #.......     100%        2    ###....
R - Regeneration          Chrm/Necr      #.........   100%        3    ####...
W - Spectral Weapon       Hex/Chrm       #.......     100%        3    ####...


Dungeon Overview and Level Annotations

Branches:
Dungeon (12/15)            Temple (0/1) D:6            Lair (8/8) D:8
 Shoals (0/4) Lair:6        Snake (0/4) Lair:6        Slime (0/6) Lair:8
    Orc (4/4) D:10            Elf (0/3) Orc:3

Altars:
Dithmenos
Fedhas
Gozag
Makhleb
Nemelex Xobeh
Ru
Sif Muna
Zin
Beogh
Jiyva

Shops:
D:8 [   D:10 :   Orc:4 [[

Portals:
Hell: Lair:8

Annotations:
Lair:2 exclusion: oklob plant
Orc:4 Rupert


Innate Abilities, Weirdness & Mutations

You are resistant to hostile enchantments.
You can spit weak poison.


Message History

You completely miss Rupert.
Rupert is severely wounded.
Rupert hits you with a battleaxe of holy wrath!!
* * * LOW HITPOINT WARNING * * *
You take 27 damage, and have 45/149 hp.
You slice Rupert!!
Rupert is almost dead.
Rupert hits you with a battleaxe of holy wrath!
* * * LOW HITPOINT WARNING * * *
You take 11 damage, and have 34/149 hp.
You slash Rupert!
Rupert is almost dead.
Rupert hits you with a battleaxe of holy wrath!
* * * LOW HITPOINT WARNING * * *
You take 13 damage, and have 21/149 hp.
You barely miss Rupert.
Rupert is almost dead.
Rupert hits you with a battleaxe of holy wrath!!
You die...
Your body crumbles into a pile of gold.

██ █.████ .██
█...... ..█
█.....█ ..▲
█..Ψ..█ ..██
...oo█$ ...█
.oo█ ...█
█@████.█..█ .█
█.@$$..∆..█ $ .█
█.█$...█.(█ .█
█.██▲██.█....█
.█
█.......█.......
██
█▲███.███∆███∆██
.██ $ ██∆██...
$.█ █.█


████ █8.8█... .█ .████..█████...████ █ ..██..............█████ █████ You could
see Rupert (berserk), an orc warrior and 3 orcs.

Vanquished Creatures
  Maud (D:11)
  2 dire elephants (Lair:8)
  Snorg (Lair:7)
  A fire dragon (Volcano)
  9 hydras
  Erica (D:11)
  6 death yaks (Lair:8)
  Urug (D:11)
  A sun demon (Lair:8)
  Sonja (Lair:4)
  A fire crab (Lair:8)
  3 hill giants (D:11)
  A wizard (Lair:8)
  2 wolf spiders (Orc:2)
  A cyclops (D:10)
  A griffon (Lair:8)
  3 orc knights (Orc:4)
  3 orc sorcerers
  5 black mambas
  A sixfirhy (Lair:8)
  Joseph (D:8)
  17 spiny frogs
  20 elephants
  2 centaur zombies
  2 torpor snails
  4 fire drakes
  A hellwing (Lair:8)
  14 komodo dragons
  6 orange demons (Lair:8)
  5 trolls
  3 red devils (Lair:8)
  3 two-headed ogres
  A blue devil (Lair:8)
  A snapping turtle (Lair:6)
  3 polar bears (Lair:1)
  13 blink frogs
  Sigmund (D:6)
  A shadow (D:11)
  A redback (Orc:2)
  2 hungry ghosts
  Eustachio (D:5)
  2 fire bats (Volcano)
  2 basilisks (Lair:8)
  11 hippogriffs
  3 wargs
  69 yaks
  A steam dragon (D:8)
  16 water moccasins
  Edmund (D:4)
  A naga (Lair:6)
  A soldier ant (D:11)
  A swamp drake (D:10)
  4 wolves (D:8)
  A hell hound (Volcano)
  3 mottled dragons (Volcano)
  9 porcupines
  Purgy (Sewer)
  2 sky beasts
  A spider (Orc:2)
  20 orc warriors
  An eye of draining (D:9)
  A necrophage (D:11)
  11 black bears
  5 phantoms
  2 ice beasts
  11 ogres
  10 crocodiles
  12 centaurs
  Blork the orc (D:5)
  2 big kobolds
  A water moccasin zombie (D:9)
  16 giant frogs
  4 scorpions
  12 killer bees
  4 wights (D:11)
  2 crimson imps
  7 electric eels
  A quasit (D:11)
  6 jellies
  Crazy Yiuf (D:5)
  2 centaur skeletons
  24 orc priests
  28 orc wizards
  7 hounds
  3 hell rats (Lair:2)
  10 iguanas
  A giant frog skeleton (D:7)
  7 worker ants
  A killer bee zombie (D:8)
  21 sheep
  A hound skeleton (D:10)
  92 river rats
  18 adders
  4 shadow imps
  4 oozes
  5 worms
  2 adder skeletons
  165 orcs
  10 bats
  5 giant cockroaches
  6 goblins
  5 hobgoblins
  8 jackals
  18 kobolds
  7 ball pythons
  8 giant geckos
  A giant gecko skeleton (D:4)
  A giant gecko zombie (D:5)
  11 giant newts
  A jackal skeleton (D:8)
  3 quokkas
  A quokka skeleton (D:5)
  20 rats
  2 bushes (Lair:8)
  15 fungi
  7 plants (Lair:8)
930 creatures vanquished.

Vanquished Creatures (others)
  An orc (D:10)
  53 fungi
  14 plants
68 creatures vanquished.

Grand Total: 998 creatures vanquished

Notes
Turn   | Place    | Note
--------------------------------------------------------------
     0 | D:1      | Goblin1989 the Hill Orc Wanderer began the quest for the Orb.
     0 | D:1      | Goblin1989 set off with: a +2 hand axe, a +0 mace, a +0 buckler, a +0 robe, a bread ration {@e1}
     0 | D:1      | Reached XP level 1. HP: 18/18 MP: 1/1
   246 | D:1      | Reached XP level 2. HP: 22/25 MP: 2/2
   649 | D:1      | Reached XP level 3. HP: 30/30 MP: 3/3
  1103 | D:2      | Reached XP level 4. HP: 8/38 MP: 4/4
  1104 | D:2      | Gained mutation: You can spit weak poison. [potion of beneficial mutation]
  2494 | D:3      | Reached XP level 5. HP: 35/45 MP: 5/5
  2526 | D:3      | Reached skill level 5 in Axes
  2570 | D:3      | Found a deep blue altar of Sif Muna.
  2860 | D:3      | Reached skill level 5 in Armour
  3049 | D:3      | Reached XP level 6. HP: 42/52 MP: 6/6
  3091 | D:3      | Found a sparkling altar of Nemelex Xobeh.
  3371 | D:3      | Reached skill level 6 in Axes
  3583 | D:4      | Noticed Edmund
  4183 | D:4      | Found a glowing drain.
  4215 | Sewer    | Entered a sewer
  4284 | Sewer    | Noticed Purgy
  4311 | Sewer    | Killed Purgy
  4311 | Sewer    | Reached skill level 1 in Dodging
  4311 | Sewer    | Reached XP level 7. HP: 35/60 MP: 4/7
  4786 | D:4      | Reached skill level 7 in Axes
  5016 | D:5      | Entered Level 5 of the Dungeon
  5037 | D:5      | Found an opulent altar of Gozag.
  5037 | D:5      | Found a glowing silver altar of Zin.
  5085 | D:5      | Became a worshipper of Gozag Ym Sagoz the Greedy
  5439 | D:4      | Killed Edmund
  5546 | D:5      | Noticed Eustachio
  5580 | D:5      | Killed Eustachio
  5580 | D:5      | Reached skill level 5 in Fighting
  5580 | D:5      | Reached skill level 8 in Axes
  5580 | D:5      | Reached XP level 8. HP: 16/68 MP: 4/8
  5855 | D:5      | Noticed Blork the orc
  5881 | D:5      | Killed Blork the orc
  6430 | D:5      | Found a shadowy altar of Dithmenos.
  6450 | D:5      | Reached skill level 9 in Axes
  6848 | D:5      | Noticed Crazy Yiuf
  6851 | D:5      | Killed Crazy Yiuf
  6924 | D:5      | Reached XP level 9. HP: 71/75 MP: 7/9
  7014 | D:6      | Reached skill level 10 in Axes
  7188 | D:6      | Found a staircase to the Ecumenical Temple.
  7377 | D:6      | Found a burning altar of Makhleb.
  7441 | D:6      | Noticed Sigmund
  7445 | D:6      | Killed Sigmund
  7835 | D:7      | Reached skill level 11 in Axes
  7922 | D:7      | Gained mutation: You are resistant to hostile enchantments. [potion of beneficial mutation]
  8500 | D:8      | Reached XP level 10. HP: 45/86 MP: 10/10
  9193 | D:8      | Reached skill level 12 in Axes
  9257 | D:8      | Noticed Joseph
  9275 | D:8      | Killed Joseph
  9595 | D:8      | Reached skill level 5 in Dodging
  9819 | D:9      | Found a sacrificial altar of Ru.
 10081 | D:9      | Found a blossoming altar of Fedhas.
 10091 | D:9      | Reached skill level 13 in Axes
 10365 | D:9      | Reached XP level 11. HP: 84/97 MP: 11/11
 10439 | D:9      | Found a blossoming altar of Fedhas.
 10497 | D:9      | Found Nyruqip's Food Emporium.
 10501 | D:9      | Bought a bread ration for 65 gold pieces
 10501 | D:9      | Bought a bread ration for 65 gold pieces
 10501 | D:9      | Bought a meat ration for 65 gold pieces
 10501 | D:9      | Bought a bread ration for 65 gold pieces
 10501 | D:9      | Bought a beef jerky for 19 gold pieces
 10501 | D:9      | Bought 4 fruits for 78 gold pieces
 10501 | D:9      | Bought a meat ration for 65 gold pieces
 10501 | D:9      | Bought a slice of pizza for 19 gold pieces
 10501 | D:9      | Bought a bread ration for 65 gold pieces
 10501 | D:9      | Bought a meat ration for 65 gold pieces
 10501 | D:9      | Bought a bread ration for 65 gold pieces
 10501 | D:9      | Bought a meat ration for 65 gold pieces
 10996 | D:10     | Entered Level 10 of the Dungeon
 11339 | D:10     | Found a staircase to the Orcish Mines.
 11341 | D:10     | Reached skill level 14 in Axes
 11983 | D:10     | Reached skill level 10 in Fighting
 12068 | D:10     | Found Xoelijodu's Book Shop.
 12628 | D:11     | Noticed a hill giant
 12634 | D:11     | Noticed a hill giant
 12638 | D:11     | Killed a hill giant
 12638 | D:11     | Reached skill level 10 in Armour
 12643 | D:11     | Killed a hill giant
 12643 | D:11     | Reached skill level 15 in Axes
 13036 | D:11     | Noticed a hill giant
 13046 | D:11     | Killed a hill giant
 13046 | D:11     | Reached XP level 12. HP: 102/107 MP: 12/12
 13371 | D:11     | Got a pair of twisted gloves
 13377 | D:11     | Identified the cursed -5 pair of gloves of the Crown {rN+ MP+9} (You found it on level 11 of the Dungeon)
 13421 | D:11     | Got an ichor-stained leather armour
 13432 | D:11     | Identified the +1 leather armour "Kuchiowky" {Dex+2} (You found it on level 11 of the Dungeon)
 13507 | D:11     | Got a pair of transparent boots
 13560 | D:11     | Identified the +2 pair of boots "Asuc" {*Corrode +Fly Str+2 SInv} (You found it on level 11 of the Dungeon)
 13764 | D:11     | Noticed Erica
 13765 | D:11     | Noticed Maud
 13812 | D:11     | Killed Erica
 13838 | D:11     | Killed Maud
 13952 | D:11     | Noticed Urug
 14072 | D:11     | Killed Urug
 14431 | D:8      | Reached skill level 16 in Axes
 14534 | D:8      | Found a staircase to the Lair.
 14708 | D:8      | Bought a polished plate armour for 756 gold pieces
 14718 | D:8      | Identified the +0 plate armour of the Ward {rElec Int+3} (You bought it in a shop on level 8 of the Dungeon)
 14723 | Lair:1   | Entered Level 1 of the Lair of Beasts
 14740 | Lair:1   | Found a dark tunnel.
 14746 | Volcano  | Entered a volcano
 14824 | Volcano  | Noticed a fire dragon
 14853 | Volcano  | Killed a fire dragon
 15364 | Lair:1   | Noticed an eight-headed hydra
 15373 | Lair:1   | Killed a three-headed hydra
 15717 | Lair:1   | Reached XP level 13. HP: 101/116 MP: 13/13
 16083 | D:8      | Bought a pair of glowing boots for 121 gold pieces
 16083 | D:8      | Bought a pair of embroidered gloves for 121 gold pieces
 16093 | D:8      | Identified a +1 pair of boots of running (You bought it in a shop on level 8 of the Dungeon)
 17220 | Lair:3   | Reached skill level 17 in Axes
 18035 | Lair:4   | Reached skill level 18 in Axes
 18035 | Lair:4   | Reached XP level 14. HP: 126/126 MP: 14/14
 18036 | Lair:4   | Reached XP level 15. HP: 132/132 MP: 15/15
 18057 | Lair:4   | Reached skill level 10 in Dodging
 18288 | Lair:4   | Noticed Sonja
 18319 | Lair:4   | Killed Sonja
 20723 | Lair:6   | Found a staircase to the Shoals.
 20753 | Lair:6   | Found a staircase to the Snake Pit.
 20994 | Lair:6   | Learned a level 2 spell: Song of Slaying
 20998 | Lair:6   | Learned a level 3 spell: Regeneration
 21002 | Lair:6   | Learned a level 3 spell: Spectral Weapon
 21005 | Lair:6   | Learned a level 2 spell: Shroud of Golubria
 21253 | Lair:7   | Reached XP level 16. HP: 140/145 MP: 16/16
 21426 | Lair:7   | Identified a scroll of acquirement
 21431 | Lair:7   | Got a translucent war axe
 21432 | Lair:7   | Identified the +6 war axe "Qamuim" {chop, Str+2} (You acquired it on level 7 of the Lair of Beasts)
 21623 | Lair:7   | Noticed Snorg
 21639 | Lair:7   | Killed Snorg
 22088 | Lair:8   | Entered Level 8 of the Lair of Beasts
 22946 | Lair:8   | Found a staircase to the Slime Pits.
 22947 | Lair:8   | Found a viscous altar of Jiyva.
 23530 | Lair:8   | Reached skill level 15 in Fighting
 23573 | Lair:8   | Found a burning altar of Makhleb.
 23586 | Lair:8   | Found a gateway to Hell.
 24177 | Lair:5   | Reached skill level 19 in Axes
 24474 | Orc:1    | Entered Level 1 of the Orcish Mines
 26087 | Orc:4    | Entered Level 4 of the Orcish Mines
 26195 | Orc:4    | Noticed Rupert
 26198 | Orc:3    | Found a staircase to the Elven Halls.
 26827 | Orc:4    | Found a roughly hewn altar of Beogh.
 27051 | Orc:4    | Found Ahuh's Armour Emporium.
 27065 | Orc:4    | Bought a +0 helmet of see invisible for 184 gold pieces
 27082 | Orc:4    | Found Nerod's Antique Armour Shoppe.
 27316 | Orc:4    | Mangled by Rupert

Action                   |  1- 3 |  4- 6 |  7- 9 | 10-12 | 13-15 | 16-18 || total
-------------------------+-------+-------+-------+-------+-------+-------++-------
Melee: Hand axe          |   114 |   357 |   147 |       |       |       ||   618
       Battleaxe         |       |       |   226 |   663 |   586 |   732 ||  2207
       Broad axe         |       |       |       |     6 |    39 |    11 ||    56
Invok: Potion Petition   |       |       |     1 |     2 |       |       ||     3
       Call Merchant     |       |       |       |     1 |       |       ||     1
Evoke: Wand              |       |       |       |       |       |     1 ||     1
  Use: Potion            |     1 |     2 |     1 |     8 |     2 |     1 ||    15
       Scroll            |       |    11 |     5 |    11 |     4 |     3 ||    34
 Stab: Distracted        |       |       |     1 |     3 |     8 |     3 ||    15
       Invisible         |       |       |       |     7 |       |       ||     7
  Eat: Chunk             |       |    11 |     1 |       |       |       ||    12
       Fruit             |       |     1 |     4 |    24 |    10 |     6 ||    45
       Royal jelly       |       |       |     2 |       |     1 |       ||     3
       Meat ration       |       |       |     1 |       |       |       ||     1
       Beef jerky        |       |       |       |     6 |     4 |     1 ||    11
       Bread ration      |       |       |       |     1 |       |     2 ||     3
       Pizza             |       |       |       |     2 |     1 |     2 ||     5

Vault maps used:
D:1:      dpeg_arrival_snail
D:2:      serial_bayou_pond_d, minmay_joined_circles
D:3:      lemuel_doored_altar, lemuel_blue_sif_altar
D:4:      portal_sewer_entry_b, uniq_edmund
D:5:      grunt_temple_overflow_gold_and_silver, first_bread,
          hangedman_abyss_or_decor_slice, grunt_dithmenos_shadows,
          uniq_crazy_yiuf_cottage, uniq_blork_the_orc, uniq_eustachio
D:6:      kennysheep_little_box, minmay_temple_entry_junction, uniq_sigmund
D:8:      erik_lair_island, uniq_joseph
D:9:      old_standard_altar, overflow_temple_1_default, serial_shops,
          nicolae_shop_trees, hangedman_tree_tricks
D:10:     erik_orc_1, serial_shops, shop
D:11:     minmay_item_behind_shaft, nrook_mini_vaults, uniq_maud, uniq_urug,
          uniq_erica
D:12:     erik_rubicon_a, special_room, nicolae_underground_beach, uniq_maurice
Lair:1:   beast_lair_carwin_large_1, nicolae_volcano_entry_hallway
Lair:2:   kennysheep_abandoned_house, minmay_lair_oklob_bushes,
          grunt_megastairs_2
Lair:3:   lemuel_fruit_tree
Lair:4:   uniq_sonja
Lair:6:   minmay_shoals_entry_hut, guppyfry_snake_entry_island, st_stairs_10,
          nicolae_quartered_pool_super
Lair:7:   uniq_snorg
Lair:8:   evil_forest, slime_altar_1, serial_bayou_shore_a
Orc:2:    nicolae_orc_accident_3, amalloy_card_club
Orc:3:    nicolae_orc_pool_cavern
Orc:4:    pubby_orc_utopia, uniq_rupert
Sewer:    sewer_co_purgy_island
Volcano:  volcano_pools
